Map: Orbital Shipyard

Players

AbBaDon - Winner!

  • Race: Terran Terran
  • League: Grandmaster

Miszu

  • Race: Terran Terran
  • League: Grandmaster

VOD

Have the link to the VOD?

Description

Time

  • Played on: Feb. 7, 2016, 4:24 p.m.
  • Length: 5:31
Show
View Real Time Build Order
Export as new Build Order

AbBaDon Terran - Winner!

Build Orders:  

Get SALT Encoding   

  12  0:01  SCV  
  13  0:13  SCV  
  14  0:17  Supply Depot  
  14  0:25  SCV  
  15  0:39  SCV  
  15  0:41  Barracks  
  16  0:51  SCV  
  17  1:03  SCV  
  18  1:14  Command Center  
  18  1:29  Marine  
  18  1:30  Orbital Command  
  19  1:37  Supply Depot  
  19  1:47  Marine  
  19  1:51  Bunker  
  20  1:56  Refinery  
  20  2:01  Refinery, SCV  
  21  2:05  Marine  
  22  2:13  SCV  
  22  2:23  Marine  
  22  2:25  SCV  
  22  2:27  Orbital Command  
  24  2:37  SCV  
  24  2:41  Marine  
  24  2:43  Factory  
  26  2:49  SCV  
  27  2:53  SCV  
  28  2:59  Marine  
  28  3:01  SCV  
  30  3:07  SCV  
  31  3:13  Supply Depot, SCV  
  31  3:18  Marine  
  31  3:19  SCV  
  34  3:25  SCV  
  34  3:26  Factory Tech Lab  
  35  3:27  Starport  
  35  3:31  SCV  
  36  3:35  Bunker, Marine  
  37  3:44  SCV  
  37  3:45  SCV  
  37  3:46  Siege Tank  
  42  3:56  Marine, SCV  
  42  3:57  SCV  
  45  4:03  Viking  
  47  4:15  Marine  
  48  4:18  Siege Tank  
  48  4:21  Supply Depot  
  48  4:22  SCV  
  52  4:36  Marine  
  53  4:41  SCV  
  53  4:44  SCV  
  53  4:45  Barracks  
  52  4:46  Barracks  
  47  4:53  SCV  
  47  4:54  Marine  
  47  4:59  SCV  
  47  5:05  SCV  
  39  5:12  Marine  
Show
View Real Time Build Order
Export as new Build Order

Miszu Terran 

Build Orders:  

Get SALT Encoding   

  12  0:00  SCV  
  13  0:12  SCV  
  14  0:17  Supply Depot  
  14  0:24  SCV  
  15  0:28  Refinery  
  15  0:39  SCV  
  16  0:45  Barracks  
  16  0:51  SCV  
  16  0:55  Refinery  
  17  1:03  SCV  
  18  1:15  SCV  
  20  1:33  Marine  
  20  1:34  Factory  
  20  1:42  Orbital Command  
  20  1:49  Supply Depot  
  20  1:58  Marine  
  20  2:08  SCV  
  21  2:16  Marine  
  21  2:17  Factory Tech Lab  
  21  2:22  Armory  
  22  2:26  SCV  
  23  2:35  Marine  
  24  2:40  Starport  
  24  2:51  Supply Depot  
  24  2:52  Marine  
  25  3:03  SCV  
  26  3:13  Thor  
  26  3:18  Marine  
  33  3:25  Medivac  
  35  3:33  Supply Depot  
  35  3:36  Marine  
  36  3:43  SCV  
  37  4:01  Thor  
  43  4:03  SCV  
  44  4:12  Marine  
  45  4:30  Marine  
  46  4:35  Supply Depot  
  46  4:48  Marine  
  46  4:52  Medivac  
  45  5:06  Marine  
  51  5:14  SCV  
Tags
 
Add a new tag
Caveats
  • Supply blocks, unpowered buildings, or Contaminate may cause inaccurate times.
  • Supply counts are checked every 10 seconds.